 Dungeon Crawl Stone Soup version 0.28.0-43-g3370ac3207 (webtiles) character file.

Game seed: 482853245859101340

2358 smarlow the Covert (level 9, -4/44 HPs)
             Began as a Vine Stalker Enchanter on Mar 18, 2022.
             Was an Initiate of Wu Jian.
             Slain by a yak (13 damage)
             ... on level 6 of the Dungeon.
             The game lasted 00:12:43 (6130 turns).

smarlow the Covert (Vine Stalker Enchanter)         Turns: 6130, Time: 00:12:45

Health: -4/44      AC:  2    Str: 15    XL:     9   Next: 44%
Magic:  0/19       EV: 14    Int: 17    God:    Wu Jian [......]
Gold:   482        SH:  0    Dex: 23    Spells: 10/21 levels left

rFire   . . .      SeeInvis .   c - +3 dagger
rCold   . . .      Faith    .   (no shield)
rNeg    . . .      Spirit   +   b - +0 robe
rPois   .          Reflect  .   (no helmet)
rElec   .          Harm     .   (no cloak)
rCorr   +          Rampage  .   (no gloves)
Will    +....                   (no boots)
Stlth   +++++.....              (no amulet)
HPRegen 0.94/turn               h - ring of resist corrosion
MPRegen 0.16/turn               u - ring of the Fool {Str+4 Dex+6}

@: no status effects
A: fangs 3, regeneration 1, magic shield, antimagic bite, no potion heal 2
a: Renounce Religion


You were on level 6 of the Dungeon.
You worshipped Wu Jian.
Wu Jian was noncommittal.
You visited 2 branches of the dungeon, and saw 7 of its levels.
You also visited: Ossuary.

You collected 482 gold pieces.

Inventory:

Hand Weapons
 a - a +1 dagger
 c - a +3 dagger (weapon)
Armour
 b - a +0 robe (worn)
Jewellery
 h - a ring of resist corrosion (left hand)
 u - the ring of the Fool (right hand) {Str+4 Dex+6}
   (You found it on level 4 of the Dungeon)

   [ring of dexterity]

   Str:       It affects your strength (+4).
   Dex:       It affects your dexterity (+6).
 v - a +6 ring of dexterity
 y - a ring of flight
 A - a +6 ring of intelligence
Wands
 w - a wand of mindburst (11)
Scrolls
 f - 6 scrolls of teleportation
 i - 2 scrolls of amnesia
 j - a scroll of fear
 n - a scroll of vulnerability {unknown}
 p - a scroll of identify
 q - 3 scrolls of enchant weapon {unknown}
 s - a scroll of noise {unknown}
 t - a scroll of holy word
Potions
 d - 2 potions of degeneration {unknown}
 e - 4 potions of curing
 g - a potion of experience {unknown}
 k - a potion of attraction {unknown}
 l - a potion of berserk rage {unknown}
 m - 3 potions of lignification {unknown}
 o - a potion of haste {unknown}
 r - a potion of resistance {unknown}
 x - a potion of ambrosia {unknown}
 z - a potion of invisibility


   Skills:
 + Level 3.4 Fighting
 + Level 3.9 Short Blades
 + Level 3.9 Dodging
 * Level 9.1 Stealth
 * Level 6.6 Spellcasting
 + Level 5.2 Hexes


You had 10 spell levels left.
You knew the following spells:

 Your Spells              Type           Power      Damage    Failure   Level
a - Ensorcelled Hibernat  Hex/Ice        28%        N/A       6%          2
b - Confusing Touch       Hex            23%        N/A       4%          3
c - Tukima's Dance        Hex            23%        N/A       4%          3
d - Dazzling Flash        Conj/Hex       28%        N/A       12%         3

Your spell library contained the following spells:

 Spells                   Type           Power      Damage    Failure   Level
 Portal Projectile        Hex/Tloc       28%        N/A       12%         3
 Call Canine Familiar     Summ           5%         N/A       36%         3
 Leda's Liquefaction      Hex/Erth       7%         N/A       38%         4
 Chain Lightning          Conj/Air       2%         3d3       100%        9
 Fire Storm               Conj/Fire      2%         8d1       100%        9
 Shatter                  Erth           2%         3d6*      100%        9


Dungeon Overview and Level Annotations

Branches:
Dungeon (6/15)             Temple (1/1) D:5         Ossuary (visited)

Altars:
Ashenzari
Cheibriados
Dithmenos
Elyvilon
Gozag
Makhleb
Nemelex Xobeh
Okawaru
Sif Muna
Trog
Uskayaw
Vehumet
Wu Jian
Xom
Yredelemnul
Zin
The Shining One

Shops:
D:1 *


Innate Abilities, Weirdness & Mutations

You have razor-sharp teeth.
Your natural rate of healing is unusually fast.
When hurt, damage is shared between your health and your magic reserves.
Your bite disrupts and absorbs the magic of your enemies.
Potions cannot restore your health.


Message History

The yak looks drowsy...
The helpless yak fails to defend itself.
You stick the yak like a pincushion!!!
You kill the yak!
The Council accepts your kill.
The yak resists with some effort.
You don't have enough magic to cast this spell.
You don't have enough magic to cast this spell.
You close the door.
The yak gores you!
You hit the yak.
The yak is lightly wounded.
You hit the yak. You bite the yak. You drain its power.
You feel invigorated.
The yak is lightly wounded.
The yak gores you but does no damage.
You hit the yak. You bite the yak, but do no damage.
The yak is moderately wounded.
The yak closely misses you.
You hit the yak.
The yak is moderately wounded.
The yak gores you.
You hit the yak. You bite the yak, but do no damage.
The yak is moderately wounded.
The yak gores you!
You hit the yak. You bite the yak. You drain its power.
You feel invigorated.
The yak is heavily wounded.
You hit the yak.
The yak is heavily wounded.
The yak gores you.
You hit the yak but do no damage. You bite the yak. You drain its power.
You feel invigorated.
The yak is severely wounded.
The yak gores you!
* * * LOW HITPOINT WARNING * * *
You are too injured to fight recklessly!
Aiming: Ensorcelled Hibernation (safe; 6% risk of failure)
Press: ? - help, Q - select action, (/) - cycle Shift-Dir - straight line, f/p - yak
Aim: a yak (severely wounded, chance to affect: 48%)
The yak resists with some effort.
The yak gores you!
You die...

#(# #.# ######### #.## #
#.......# #... ..#
#.......# #### ....
#.......# Y.... #.......#
......###Y......##########
.......Y+@...........)))).
......#####8..8###########
..... #.....# ....
###..### ...
#⌠.....########## >.
###..###......... .
#......#...(.....
###..##########.. #....#
#..


You could see a yak.

Vanquished Creatures
  3 yaks (D:6)
  An acid dragon (D:6)
  A water moccasin (D:5)
  2 ice beasts (D:5)
  2 ogres
  A centaur (D:5)
  A phantom (D:5)
  A kobold brigand (D:5)
  A gnoll sergeant (D:6)
  A scorpion (D:4)
  2 elf skeletons (D:4)
  2 jellies (D:6)
  2 hounds (D:5)
  2 centaur skeletons
  A centaur zombie (D:6)
  A gnoll shaman (D:5)
  2 orc priests (D:5)
  2 human skeletons (D:4)
  Terence (D:2)
  An iguana (D:5)
  3 orc wizards (D:5)
  A hound skeleton (D:4)
  8 mummies (Ossuary)
  9 gnolls
  9 adders
  A worm (D:2)
  5 dart slugs
  20 orcs
  4 bats
  8 endoplasms
  7 giant cockroaches
  8 goblins
  8 hobgoblins
  7 jackals
  10 kobolds
  6 quokkas
  9 ball pythons
  2 hobgoblin zombies (Ossuary)
  2 kobold zombies (Ossuary)
  2 orc skeletons (D:4)
  4 orc zombies (Ossuary)
  5 rats
168 creatures vanquished.

Notes
Turn   | Place    | Note
-------+----------+-------------------------------------------
     0 | D:1      | smarlow the Vine Stalker Enchanter began the quest for the
                  | Orb.
     0 | D:1      | Reached XP level 1. HP: 9/9 MP: 4/4
    82 | D:1      | Reached skill level 1 in Short Blades
   279 | D:1      | Reached XP level 2. HP: 10/13 MP: 6/6
   360 | D:1      | Reached skill level 4 in Stealth
   771 | D:1      | Found Avoil's Assorted Antiques.
  1026 | D:1      | Reached XP level 3. HP: 16/16 MP: 7/7
  1050 | D:2      | Learned a level 2 spell: Ensorcelled Hibernation
  1054 | D:2      | Learned a level 3 spell: Confusing Touch
  1286 | D:2      | Found a snail-covered altar of Cheibriados.
  1446 | D:2      | Noticed Terence
  1461 | D:2      | Killed Terence
  1462 | D:2      | Gained mutation: Your natural rate of healing is unusually
                  | fast. [Vine Stalker growth]
  1462 | D:2      | Reached XP level 4. HP: 4/21 MP: 1/9
  1836 | D:2      | Reached XP level 5. HP: 19/24 MP: 5/10
  1847 | D:2      | Reached skill level 5 in Stealth
  1983 | D:1      | Found a faded altar of an unknown god.
  2459 | D:3      | Found a basalt altar of Yredelemnul.
  2829 | D:3      | Found a glowing golden altar of the Shining One.
  2989 | D:4      | Reached XP level 6. HP: 15/29 MP: 3/12
  3208 | D:4      | Reached skill level 1 in Fighting
  3216 | D:4      | Found a sand-covered staircase.
  3253 | D:4      | Reached skill level 6 in Stealth
  3253 | D:4      | Reached XP level 7. HP: 33/33 MP: 14/14
  3258 | Ossuary  | Entered an ossuary
  3533 | D:4      | Identified the ring of the Fool {Str+4 Dex+6}
  3584 | D:5      | Entered Level 5 of the Dungeon
  3589 | D:5      | Learned a level 3 spell: Tukima's Dance
  3593 | D:5      | Learned a level 3 spell: Dazzling Flash
  4130 | D:5      | Reached skill level 7 in Stealth
  4130 | D:5      | Reached skill level 5 in Spellcasting
  4130 | D:5      | Gained mutation: You have razor-sharp teeth. [Vine Stalker
                  | growth]
  4130 | D:5      | Reached XP level 8. HP: 35/39 MP: 10/16
  4457 | D:5      | Found a staircase to the Ecumenical Temple.
  4500 | Temple   | Entered the Ecumenical Temple
  4709 | Temple   | Became a worshipper of the Wu Jian Council
  4749 | D:5      | Found a shadowy altar of Dithmenos.
  4783 | D:5      | Reached skill level 8 in Stealth
  5385 | D:6      | Reached XP level 9. HP: 43/44 MP: 11/19
  5925 | D:6      | Noticed a cyclops
  6075 | D:6      | Found an opulent altar of Gozag.
  6075 | D:6      | Found a hide-covered altar of Uskayaw.
  6085 | D:6      | Reached skill level 5 in Hexes
  6089 | D:6      | Found a radiant altar of Vehumet.
  6117 | D:6      | Reached skill level 9 in Stealth
  6130 | D:6      | Slain by a yak

Illustrated notes

Levels and vault maps discovered:
D:1:      dpeg_arrival_stone_temple_mockup, layout_loops_cross, serial_shops,
          shop, shapermc_ecumenical_altar_mp_highgroup, minivault_23
D:2:      layout_basic, basic_altar, minmay_hexomino_f4, uniq_terence
D:3:      layout_loops_ring, yredelemnul_altar_generic, lemuel_tele_altar
D:4:      layout_rooms, nicolae_ossuary_entry_catacombs
D:5:      layout_loops_ring, nicolae_dithmenos_the_darkroom, temple_statues
D:6:      layout_basic, minitemple
Temple:   minmay_temple_curvy_loop

Skill      XL: |  1  2  3  4  5  6  7  8  9 |
---------------+----------------------------+-----
Short Blades   | 1 2 3 |  3.9
Stealth        | 4 5 6 7 8 9 |  9.1
Dodging        | 2 3 |  3.9
Spellcasting   | 3 4 5 6 |  6.6
Fighting       | 1 2 3 |  3.4
Hexes          | 4 5 |  5.2

Action                   |  1- 3 |  4- 6 |  7- 9 || total
-------------------------+-------+-------+-------++-------
Melee: Dagger            |    77 |   210 |   177 ||   464
       Bite              |    19 |    61 |    61 ||   141
       Punch             |     1 |     5 |     3 ||     9
 Cast: Ensorcelled Hiber |     1 |     9 |    42 ||    52
       Confusing Touch   |       |     1 |     4 ||     5
       Dazzling Flash    |       |       |     1 ||     1
       Tukima's Dance    |       |       |     2 ||     2
Invok: Lunge             |       |       |    12 ||    12
  Use: Potion            |     1 |       |     3 ||     4
       Scroll            |       |     5 |       ||     5
 Stab: Sleeping          |    13 |    11 |    33 ||    57
       Invisible         |     1 |       |       ||     1
       Confused          |       |     3 |     1 ||     4
Armor: Robe              |     6 |    24 |    19 ||    49
Dodge: Dodged            |    58 |   129 |    92 ||   279
